 Dungeon Crawl Stone Soup version 0.28.0-47-ge53b351184 (webtiles) character file.

Game seed: 17610244708066399648

121 styxcanada the Covert (level 4, 0/23 HPs)
             Began as a Spriggan Brigand on May 2, 2022.
             Succumbed to an adder's poison
             ... on level 3 of the Dungeon on May 3, 2022.
             The game lasted 00:11:06 (2775 turns).

styxcanada the Covert (Spriggan Brigand)            Turns: 2775, Time: 00:11:06

Health: 0/23       AC:  3    Str:  7    XL:     4   Next: 76%
Magic:  5/5        EV: 17    Int: 12    God:
Gold:   134        SH:  0    Dex: 18    Spells: 0/3 levels left

rFire   . . .      SeeInvis +   a - +2 dagger
rCold   . . .      Faith    .   (no shield)
rNeg    . . .      Spirit   .   b - +0 robe
rPois   .          Reflect  .   (helmet restricted)
rElec   .          Harm     .   c - +0 cloak
rCorr   .          Rampage  .   (gloves unavailable)
Will    .....                   (boots unavailable)
Stlth   ++++......              (no amulet)
HPRegen 0.07/turn               (no ring)
MPRegen 0.09/turn               (no ring)

@: lethally poisoned (0 -> -2), very quick
A: very small, no large weapons, unfitting armour, see invisible, speed 3
a: no special abilities


You were on level 3 of the Dungeon.
You visited 1 branch of the dungeon, and saw 3 of its levels.

You collected 134 gold pieces.

Inventory:

Hand Weapons
 a - a +2 dagger (weapon)
 i - a +0 hunting sling
Missiles
 d - 6 poisoned darts (quivered)
 e - 2 curare-tipped darts
 f - 95 stones
 k - 3 datura-tipped darts
Armour
 b - a +0 robe (worn)
 c - a +0 cloak (worn)
Scrolls
 o - a scroll of fear {unknown}
 p - a scroll of magic mapping {unknown}
 r - a scroll of fog {unknown}
Potions
 h - a potion of curing {unknown}
 j - a potion of magic {unknown}
 l - a potion of degeneration {unknown}
 m - a potion of haste {unknown}
 n - a potion of heal wounds {unknown}
 q - a potion of attraction {unknown}


   Skills:
 * Level 2.2 Fighting
 + Level 2.5 Short Blades
 + Level 2.0 Throwing
 * Level 2.6 Dodging
 * Level 8.0 Stealth
 * Level 0.2 Spellcasting


You couldn't memorise any spells.
You knew the following spells:

 Your Spells              Type           Power      Damage    Failure   Level
a - Dazzling Flash        Conj/Hex       0%         N/A       67%         3

Your spell library contained the following spells:

 Spells                   Type           Power      Damage    Failure   Level
 Animate Skeleton         Necr           0%         N/A       32%         1
 Apportation              Tloc           0%         N/A       32%         1
 Magic Dart               Conj           0%         1d3       32%         1
 Summon Small Mammal      Summ           0%         N/A       32%         1
 Searing Ray              Conj           0%         2d4       43%         2
 Summon Guardian Golem    Hex/Summ       0%         N/A       67%         3
 Fulminant Prism          Conj/Hex       0%         3d6       97%         4
 Iskenderun's Mystic Bla  Conj/Tloc      0%         2d3       97%         4
 Starburst                Conj/Fire      0%         6d3       100%        6
 Orb of Destruction       Conj           0%         9d5       100%        7
 Spellforged Servitor     Conj/Summ      0%         N/A       100%        7


Dungeon Overview and Level Annotations

Branches:
Dungeon (3/15)

Altars:

Shops:
D:2 (


Innate Abilities, Weirdness & Mutations

You are very small and have problems with some larger weapons.
You are too small for most types of armour.
You have supernaturally acute eyesight. (SInv)
You cover ground extremely quickly. (Speed+++)


Message History

An adder comes into view.
You see here a pink potion.
The adder hisses angrily.
The adder bites you.
You are poisoned.
The adder poisons you!
You hit the adder.
The adder is moderately wounded.
You feel sick. The adder closely misses you.
You hit the adder.
The adder is heavily wounded.
You feel sick. The adder bites you.
You are more poisoned.
The adder poisons you! The adder misses you.
You barely miss the adder.
The adder is heavily wounded.
You feel sick. The adder barely misses you.
You hit the adder.
The adder is almost dead.
You feel sick. The adder closely misses you.
You closely miss the adder.
The adder is almost dead.
You feel sick. The adder misses you.
You hit the adder but do no damage.
The adder is almost dead.
You feel sick. The adder barely misses you.
You hit the adder but do no damage.
The adder is almost dead.
You feel sick. The adder bites you.
* * * LOW HITPOINT WARNING * * *
The adder barely misses you.
You hit the adder.
You kill the adder!
* * * LOW HITPOINT WARNING * * *
You feel sick.
Your Stealth skill increases to level 8!
* * * LOW HITPOINT WARNING * * *
You feel sick.
It was a potion of cancellation.
You feel magically purged.
You die...

###.###.... #..........
########<#.###.#.#
#..........###.#.#
##.###.##.##....#.. ..#
#.....#.......
#.###.##..#....#..
#.###....$##.........†
#....@................
#.#####!####.........#
###..# #.# #..........
...#.# #.# ##.#...####
#.##.# #.# ##......#
#>##.# #.# #..#..#.####
##.##.#####.###...........
#.......##...##.#.#...####
#.#####.).............#


There were no monsters in sight!

Vanquished Creatures
  6 adders
  A gnoll (D:1)
  2 dart slugs
  4 endoplasms
  2 giant cockroaches
  2 goblins
  3 hobgoblins
  A jackal (D:1)
  2 quokkas (D:2)
  6 ball pythons
  9 bats
  4 frilled lizards
  8 kobolds
  6 rats
56 creatures vanquished.

Notes
Turn   | Place    | Note
-------+----------+-------------------------------------------
     0 | D:1      | styxcanada the Spriggan Brigand began the quest for the
                  | Orb.
     0 | D:1      | Reached XP level 1. HP: 10/10 MP: 2/2
    18 | D:1      | Reached skill level 6 in Stealth
   326 | D:1      | Reached XP level 2. HP: 7/14 MP: 3/3
   985 | D:1      | Reached XP level 3. HP: 18/18 MP: 4/4
   989 | D:1      | Reached skill level 7 in Stealth
  1177 | D:1      | Found a faded altar of an unknown god.
  1502 | D:2      | Reached XP level 4. HP: 9/23 MP: 5/5
  1954 | D:2      | Found Tejiggom's Weapon Boutique.
  2127 | D:2      | Learned a level 3 spell: Dazzling Flash
  2150 | D:2      | Identified the +4 trident of Foolhardiness {spect, Dex+2
                  | SInv}
  2774 | D:3      | Reached skill level 8 in Stealth
  2774 | D:3      | HP: 1/23 [poisoned by an adder]
  2775 | D:3      | Succumbed to an adder's poison

Illustrated notes

Levels and vault maps discovered:
D:1:      dpeg_arrival_brainrot, layout_basic, ebering_ecumenical_altar_box,
          minmay_tromino_v4_b
D:2:      layout_basic, serial_shops, shop
D:3:      layout_loops_ring

Skill      XL: |  1  2  3  4 |
---------------+-------------+-----
Stealth        | 6 7 8 |  8.0
Dodging        | 2 |  2.6
Fighting       | 2 |  2.2
Short Blades   | |  2.5
Throwing       | |  2.0
Spellcasting   | |  0.2

Action                   |  1- 3 |  4- 6 || total
-------------------------+-------+-------++-------
Melee: Dagger            |    96 |    58 ||   154
       Punch             |     2 |       ||     2
Throw: Dart              |    12 |     2 ||    14
  Use: Potion            |       |     1 ||     1
 Stab: Sleeping          |    13 |     9 ||    22
Armor: Robe              |     5 |    13 ||    18
Dodge: Dodged            |    63 |    39 ||   102
